 Dungeon Crawl Stone Soup version 0.23.2 (webtiles) character file.

Game seed: 15977092960210814460

50 Menchi the Magician (level 3, -1/20 HPs)
             Began as a Deep Elf Warper on Apr 10, 2019.
             Slain by a worm (8 damage)
             ... on level 2 of the Dungeon.
             The game lasted 00:04:57 (2055 turns).

Menchi the Magician (Deep Elf Warper)               Turns: 2055, Time: 00:04:58

Health: -1/20      AC:  3    Str:  8    XL:     3   Next: 55%
Magic:  0/10       EV: 13    Int: 17    God:
Gold:   30         SH:  0    Dex: 15    Spells: 2/9 levels left

rFire    . . .     SeeInvis .   a - +0 short sword
rCold    . . .     Gourm    .   (no shield)
rNeg     . . .     Faith    .   b - +0 leather armour
rPois    .         Spirit   .   (no helmet)
rElec    .         Reflect  .   (no cloak)
rCorr    .         Harm     .   (no gloves)
MR       .....                  (no boots)
Stlth    ++........             (no amulet)
HPRegen  0.06/turn              (no ring)
MPRegen  0.12/turn              (no ring)

@: no status effects
A: no striking features
a: no special abilities


You were on level 2 of the Dungeon.
You were very hungry.

You visited 1 branch of the dungeon, and saw 2 of its levels.

You collected 30 gold pieces.

Inventory:

Hand Weapons
 a - a +0 short sword (weapon)
Missiles
 e - 3 tomahawks of dispersal (quivered)
 l - 8 tomahawks
Armour
 b - a +0 leather armour (worn)
Scrolls
 d - a scroll of blinking
 g - 3 scrolls of teleportation {unknown}
 j - a scroll of fog {unknown}
 k - 2 scrolls of remove curse {unknown}
Potions
 c - a potion of curing {unknown}
 h - 2 potions of brilliance {unknown}
 i - a potion of haste {unknown}
 m - a potion of flight {unknown}
Comestibles
 f - 4 rations


   Skills:
 - Level 1.5 Fighting
 + Level 2.4 Short Blades
 - Level 1.0 Throwing
 - Level 0.7 Armour
 * Level 3.3 Dodging
 * Level 1.5 Stealth
 * Level 3.8 Spellcasting
 * Level 3.4 Translocations


You had 2 spell levels left.
You knew the following spells:

 Your Spells              Type           Power        Failure   Level  Hunger
a - Blink                 Tloc           N/A          9%          2    ##.....
b - Shroud of Golubria    Chrm/Tloc      #.........   17%         2    ##.....
c - Gell's Gravitas       Tloc           ###.......   16%         3    ###....

Your spell library contained the following spells:

 Spells                   Type           Power        Failure   Level  Hunger
 Confusing Touch          Hex            #.....       22%         1    None
 Lesser Beckoning         Tloc           ###.......   16%         3    ###....
 Teleport Other           Tloc           ###.....     16%         3    ###....
 Passage of Golubria      Tloc           N/A          47%         4    ####...
 Confuse                  Hex            #.......     56%         3    ###....
 Petrify                  Tmut/Erth      #.......     92%         4    ####...
 Metabolic Englaciation   Hex/Ice        #.........   99%         5    ######.
 Yara's Violent Unravell  Hex/Tmut       #.........   99%         5    ######.


Dungeon Overview and Level Annotations

Branches:
Dungeon (2/15)

Altars:


Message History

Press: ? - help, Dir - move target cursor Gravity reorients around empty space.
You are feeling very hungry.
The bat hits you but does no damage.
Casting: Gell's Gravitas (safe; 16% risk of failure)
Confirm with . or Enter, or press ? or * to list all spells.
You don't have enough magic to cast that spell.
Casting: Gell's Gravitas (safe; 16% risk of failure)
Confirm with . or Enter, or press ? or * to list all spells.
You don't have enough magic to cast that spell.
Casting: Gell's Gravitas (safe; 16% risk of failure)
Confirm with . or Enter, or press ? or * to list all spells.
You don't have enough magic to cast that spell.
Casting: Gell's Gravitas (safe; 16% risk of failure)
Confirm with . or Enter, or press ? or * to list all spells.
You don't have enough magic to cast that spell.
You hit the bat.
You kill the bat!
The worm bites you!
You die...

#.## ###.... ##.#
##...... .
##..###....... ..
..####.............
...
.........#####......
.......#####.#
#.(.... .....
#####.# #.....(
......##.....#
#......
......w@.#####
#...... .......###
#####<. ....... #..
....>.. #.. ....<..
#.. ......# ###
....?# #####


You could see a worm.

Vanquished Creatures
  An ooze (D:2)
  7 bats
  2 giant cockroaches
  3 goblins
  4 hobgoblins
  3 jackals (D:2)
  4 kobolds
  2 ball pythons
  4 frilled lizards (D:1)
  15 rats (D:1)
45 creatures vanquished.

Notes
Turn   | Place    | Note
-------+----------+-------------------------------------------
     0 | D:1      | Menchi the Deep Elf Warper began the quest for the Orb.
     0 | D:1      | Reached XP level 1. HP: 12/12 MP: 6/6
   379 | D:1      | Reached XP level 2. HP: 16/16 MP: 8/8
   394 | D:1      | Learned a level 2 spell: Blink
   424 | D:1      | Learned a level 2 spell: Shroud of Golubria
   726 | D:1      | Reached skill level 1 in Stealth
  1084 | D:1      | Reached XP level 3. HP: 11/20 MP: 10/10
  1093 | D:1      | Learned a level 3 spell: Gell's Gravitas
  2055 | D:2      | Slain by a worm

Skill      XL: |  1  2 |
---------------+-------+-----
Stealth        | 1 |  1.5
Dodging        | 3 |  3.3
Fighting       | |  1.5
Short Blades   | |  2.4
Throwing       | |  1.0
Armour         | |  0.7
Spellcasting   | |  3.8
Translocations | |  3.4

Action                   || total
-------------------------++-------
Melee: Short sword       ||   180
Throw: Tomahawk          ||     2
 Cast: Gell's Gravitas   ||     3
       Blink             ||     2
 Stab: Sleeping          ||     1
  Eat: Chunk             ||     3
Armor: Leather armour    ||    54
Dodge: Dodged            ||   136
